 Dungeon Crawl Stone Soup version 0.17.1-3-g152610e (webtiles) character file.

160122 Peloso the Fencer (level 17, -2/161 HPs)
             Began as a Minotaur Fighter on Apr 16, 2016.
             Was the Champion of Okawaru.
             Slain by a mana viper (11 damage)
             ... on level 2 of the Snake Pit.
             The game lasted 01:57:46 (33933 turns).

Peloso the Fencer (Minotaur Fighter)               Turns: 33933, Time: 01:57:46

Health: -2/161     AC: 26    Str: 35    XL:     17   Next: 17%
Magic:  16/19      EV: 14    Int:  5    God:    Okawaru [******]
Gold:   2553       SH:  5    Dex: 21    Spells: 0 memorised, 16 levels left

rFire  . . .     SeeInvis .     C - +9 long sword of the Tales {slice, MR+ Dex+3}
rCold  . . .     Clarity  .     l - +1 plate armour
rNeg   + . .     SustAt   .     W - -4 buckler "Rialox" {rPois Str+6 Dex+3}
rPois  +         Gourm    .     (helmet restricted)
rElec  +         Spirit   .     D - +0 cloak
rCorr  .         Warding  .     Y - +2 pair of gloves of Trial and Error {rElec Dex+2}
rMut   .         Stasis   .     o - +1 pair of boots {Fly}
MR     +++..                    j - amulet of regeneration
Stlth  ..........               V - ring "Pumilih" {rN+ Str+4}
                                S - ring of protection from magic

@: lethally poisoned (-2 -> -2), flying, extremely resistant to hostile
enchantments, extremely unstealthy
A: retaliatory headbutt, horns 2
a: Heroism, Finesse, Renounce Religion, Stop Flying


You were on level 2 of the Snake Pit.
You worshipped Okawaru.
Okawaru was exalted by your worship.
You were not hungry.

You visited 6 branches of the dungeon, and saw 33 of its levels.
You also visited: Labyrinth and Volcano.

You collected 3004 gold pieces.
You spent 451 gold pieces at shops.

Inventory:

Hand Weapons
 s - the +3 long sword of the Puffin {slice, Int+2}
   (You found it on level 5 of the Dungeon)

   It inflicts extra damage upon your enemies.
   It affects your intelligence (+2).
 C - the +9 long sword of the Tales (weapon) {slice, MR+ Dex+3}
   (You bought it in a shop on level 4 of the Orcish Mines)

   It inflicts extra damage upon your enemies.
   It affects your dexterity (+3).
   It affects your resistance to hostile enchantments.
 R - a +0 demon blade of flaming
Armour
 l - a +1 plate armour (worn)
 o - a +1 pair of boots of flying (worn)
 D - a +0 cloak (worn)
 M - the +0 buckler "Xotaih" {Str+3 Stlth+}
   (Okawaru gifted it to you on level 14 of the Dungeon)

   It affects your strength (+3).
   It makes you more stealthy.
 W - the -4 buckler "Rialox" (worn) {rPois Str+6 Dex+3}
   (You took it off a minotaur in a labyrinth)

   It affects your strength (+6).
   It affects your dexterity (+3).
   It protects you from poison.
 Y - the +2 pair of gloves of Trial and Error (worn) {rElec Dex+2}
   (Okawaru gifted it to you on level 7 of the Lair of Beasts)

   It affects your dexterity (+2).
   It insulates you from electricity.
Jewellery
 j - an amulet of regeneration (around neck)
 n - a +4 ring of dexterity
 t - an uncursed ring of poison resistance
 S - a ring of protection from magic (left hand)
 V - the ring "Pumilih" (right hand) {rN+ Str+4}
   (You took it off a minotaur in a labyrinth)

   [ring of positive energy]

   It affects your strength (+4).
   It protects you from negative energy.
 X - an uncursed ring of positive energy
Wands
 E - a wand of digging (12)
 O - a wand of hasting (3)
Scrolls
 c - 7 scrolls of identify
 f - 9 scrolls of teleportation
 g - 10 scrolls of remove curse
 i - a scroll of summoning
 p - a scroll of recharging
 r - 2 scrolls of fog
 z - a scroll of magic mapping
 H - 6 scrolls of fear
 J - a scroll of holy word
 Q - a scroll of enchant armour
Potions
 h - 13 potions of curing
 k - a potion of invisibility
 m - 2 potions of agility
 q - 3 potions of heal wounds
 v - 3 potions of resistance
 x - a potion of magic
 G - a potion of might
 K - a potion of brilliance
 P - 4 potions of berserk rage
 U - 4 potions of haste
Comestibles
 a - 12 royal jellies
 b - 7 chunks of flesh
 d - 21 meat rations
 e - 18 bread rations
 A - 53 fruits
 I - 2 beef jerkies


   Skills:
 + Level 17.2 Fighting
 + Level 19.6 Long Blades
 + Level 16.9 Armour
 + Level 6.2 Dodging
 + Level 2.1 Stealth
 + Level 16.2 Shields
 + Level 5.0 Invocations
 + Level 1.5 Evocations


You had 16 spell levels left.
You didn't know any spells.

Dungeon Overview and Level Annotations

Branches:
Dungeon (14/15)            Temple (1/1) D:6            Lair (8/8) D:10
  Swamp (3/4) Lair:6        Snake (3/4) Lair:6        Slime (0/6) Lair:6
    Orc (4/4) D:11            Elf (0/3) Orc:4        Vaults (0/5) D:14

Altars:
Ashenzari
Cheibriados
Dithmenos
Elyvilon
Fedhas
Gozag
Kikubaaqudgha
Makhleb
Nemelex Xobeh
Okawaru
Qazlal
Ru
Sif Muna
Trog
Vehumet
Xom
Yredelemnul
Zin
The Shining One
Beogh
Jiyva
Lugonu

Shops:
D:8 [   D:11 [   D:14 (   Orc:1 *!:   Orc:2 ([   Orc:3 *   Orc:4 *}(*

Portals:
Trove: D:10 (show slimy rune of Zot)

Annotations:
Lair:6 exclusion: oklob plant
Lair:8 exclusion: oklob plant


Innate Abilities, Weirdness & Mutations

You reflexively headbutt those who attack you in melee.
You have a pair of horns on your head.


Message History

The bolt of flame burns you.
* * * LOW HITPOINT WARNING * * *
The naga sharpshooter spits poison at you.
The splash of poison hits you! You resist.
The naga sharpshooter shoots a bolt.
The bolt hits you.
* * * LOW HITPOINT WARNING * * *
The mana viper bites you!
* * * LOW HITPOINT WARNING * * *
You feel your power leaking away.
You fly upwards.
You feel sick.
There is a stone staircase leading down here.
You hit the mana viper but do no damage.
You headbutt the mana viper.
The mana viper is lightly wounded.
The mana viper bites you but does no damage.
Unknown command.
You hit the mana viper. Your headbutt misses the mana viper.
The mana viper is lightly wounded.
The mana viper bites you!
You die...

### ##.## #######...##
## ###....#.....#####.
####......##....#.....
#..#.......####.#.....
##..#.@S.......#.......
#..............#.......
#..##..................
#..#......)....#.......
##.###.......########..
##..#########.#....##.
#.###......#.#....<..
#####.#.....##.##......
###
#.....#.....#...##.....


You could see a mana viper.

Vanquished Creatures
  Rupert (Orc:3)
  2 thorn hunters
  Frances (Snake:1)
  Kirke (Snake:3)
  Aizul (Swamp:1)
  A very ugly thing (Swamp:3)
  Nessos (Orc:2)
  8 vault guards (D:14)
  A fire dragon (D:14)
  Erolcha (Orc:1)
  A minotaur (Lab)
  Fannar (D:11)
  3 centaur warriors
  3 naga warriors (Snake:1)
  7 anacondas
  The ghost of MirrMurr the Covert, a journeyman SpEn of Ashenzari (Lair:5)
  7 hydras
  3 catoblepae (Lair:8)
  2 ghost crabs (Swamp:1)
  2 ogre magi (Orc:4)
  3 alligators
  2 tengu warriors (D:14)
  23 death yaks
  4 naga sharpshooters
  3 shock serpents
  Nergalle (Lair:1)
  2 sea snakes (Snake:1)
  An unseen horror (shapeshifter) (D:14)
  A spriggan druid (Swamp:2)
  A naga ritualist (Snake:2)
  A shambling mangrove (Swamp:2)
  6 hill giants
  The ghost of chimenez the Covert, a novice OpAs of Gozag (D:7)
  2 deep trolls (Orc:4)
  2 unseen horrors
  5 swamp dragons
  5 griffons
  An oklob plant (Lair:5)
  2 ugly things
  A hornet (Swamp:2)
  4 mana vipers
  2 manticores
  An orc sorcerer (Orc:3)
  4 cyclopes
  2 salamanders
  11 elephants
  2 guardian serpents
  4 naga magi
  9 gargoyles
  21 black mambas
  18 spiny frogs
  An efreet (D:14)
  8 komodo dragons
  A kobold demonologist (D:14)
  5 fire drakes
  A queen bee (Lair:1)
  13 two-headed ogres
  A harpy zombie (D:14)
  2 giant leeches
  A polar bear (Lair:4)
  9 trolls
  29 blink frogs
  2 bog bodies (Swamp:3)
  The ghost of CcS the Insei, an amateur OpTm (D:4)
  2 wraiths
  2 wyverns
  8 fire bats (Volcano)
  7 spriggans
  2 hogs (Snake:3)
  73 yaks
  8 hippogriffs
  2 hungry ghosts
  3 mottled dragons
  5 vampire mosquitoes
  14 nagas
  Menkaure (D:5)
  6 insubstantial wisps (Swamp:3)
  2 wargs (Orc:2)
  15 water moccasins
  14 wolves
  18 swamp worms
  43 ogres
  12 porcupines
  21 orc warriors
  3 black bears
  10 swamp drakes
  7 sky beasts
  6 phantoms
  6 ice beasts
  9 wasps
  5 boggarts (D:12)
  8 crocodiles
  14 giant frogs
  8 centaurs
  6 necrophages
  Blork the orc (D:6)
  2 big kobolds
  A gnoll sergeant (D:8)
  3 scorpions
  A wyvern skeleton (D:6)
  39 killer bees
  3 spriggan skeletons (Lab)
  10 wights
  4 electric eels
  3 crimson imps
  3 hounds
  A quasit (D:14)
  3 centaur zombies
  2 giant frog zombies
  A jelly (D:11)
  32 orc wizards
  3 giant frog skeletons
  Crazy Yiuf (D:6)
  19 orc priests
  4 centaur skeletons
  Natasha (thrice) (D:2)
  6 iguanas
  5 hell rats (Lair:4)
  17 worker ants
  17 sheep
  A killer bee zombie (D:10)
  An ogre skeleton (Lab)
  Robin (D:4)
  A worker ant zombie (D:8)
  6 gnolls
  15 river rats
  A shadow imp (D:6)
  16 adders
  2 oozes (D:4)
  An adder zombie (D:8)
  2 adder skeletons
  2 worms
  6 giant geckos
  192 orcs
  9 ball pythons
  A giant cockroach (D:3)
  8 hobgoblins
  7 jackals
  4 bats
  3 giant newts
  16 goblins
  3 jackal skeletons
  13 kobolds
  7 quokkas
  A quokka skeleton (D:8)
  3 quokka zombies
  8 rats
  4 briar patches
  5 fungi
  3 plants
1133 creatures vanquished.

Vanquished Creatures (others)
  A human (Snake:3)
  18 fungi
  6 plants
25 creatures vanquished.

Grand Total: 1158 creatures vanquished

Notes
Turn   | Place    | Note
--------------------------------------------------------------
     0 | D:1      | Peloso the Minotaur Fighter began the quest for the Orb.
     0 | D:1      | Reached XP level 1. HP: 19/19 MP: 0/0
   430 | D:1      | Reached skill level 4 in Fighting
   501 | D:1      | Reached XP level 2. HP: 27/27 MP: 1/1
   975 | D:2      | Noticed Natasha
   982 | D:2      | Killed Natasha
   982 | D:2      | Reached XP level 3. HP: 23/33 MP: 2/2
  1110 | D:2      | Found a shadowy altar of Dithmenos.
  1110 | D:2      | Found a shimmering altar of Xom.
  1161 | D:2      | Found a deep blue altar of Sif Muna.
  1184 | D:2      | Noticed Natasha
  1189 | D:2      | Killed Natasha
  1204 | D:2      | Noticed Natasha
  1209 | D:2      | Killed Natasha
  1234 | D:2      | Reached XP level 4. HP: 33/41 MP: 3/3
  1631 | D:3      | Found a sacrificial altar of Ru.
  1699 | D:3      | Reached XP level 5. HP: 47/47 MP: 4/4
  1911 | D:3      | Reached skill level 5 in Shields
  2043 | D:4      | Found a deep blue altar of Sif Muna.
  2080 | D:4      | Noticed an ogre
  2080 | D:4      | Noticed CcS's ghost (amateur OpTm)
  2088 | D:4      | Noticed Robin
  2091 | D:4      | Killed Robin
  2099 | D:4      | Killed an ogre
  2099 | D:4      | Reached skill level 5 in Fighting
  2099 | D:4      | Reached XP level 6. HP: 43/56 MP: 5/5
  2106 | D:4      | Killed CcS's ghost
  2106 | D:4      | Reached skill level 5 in Armour
  2106 | D:4      | Reached skill level 6 in Shields
  2218 | D:4      | Reached XP level 7. HP: 50/61 MP: 6/6
  2341 | D:4      | Reached skill level 1 in Dodging
  2457 | D:4      | Reached skill level 7 in Shields
  2511 | D:4      | Reached skill level 5 in Long Blades
  2586 | D:5      | Entered Level 5 of the Dungeon
  2589 | D:5      | Noticed Menkaure
  2764 | D:5      | Killed Menkaure
  3061 | D:5      | Reached XP level 8. HP: 60/70 MP: 7/7
  3095 | D:5      | Reached skill level 8 in Shields
  3147 | D:5      | Found a basalt altar of Yredelemnul.
  3170 | D:5      | Found an ancient bone altar of Kikubaaqudgha.
  3170 | D:5      | Found a blossoming altar of Fedhas.
  3345 | D:5      | Got a slimy long sword
  3346 | D:5      | Identified the +3 long sword of the Puffin {slice, Int+2} (You found it on level 5 of the Dungeon)
  3381 | D:5      | Found a sparkling altar of Nemelex Xobeh.
  4094 | D:6      | Noticed Blork the orc
  4101 | D:6      | Killed Blork the orc
  4407 | D:6      | Found a staircase to the Ecumenical Temple.
  4416 | Temple   | Entered the Ecumenical Temple
  4430 | Temple   | Became a worshipper of Warmaster Okawaru
  4587 | D:6      | Noticed Crazy Yiuf
  4596 | D:6      | Killed Crazy Yiuf
  4852 | D:6      | Reached skill level 9 in Shields
  4912 | D:6      | Reached XP level 9. HP: 72/78 MP: 8/8
  5354 | D:7      | Noticed chimenez's ghost (novice OpAs)
  5365 | D:7      | Killed chimenez's ghost
  5365 | D:7      | Reached * piety under Okawaru
  5436 | D:7      | Reached skill level 10 in Shields
  5482 | D:7      | Reached ** piety under Okawaru
  5528 | D:7      | Found a glowing golden altar of the Shining One.
  5548 | D:7      | You fall through a shaft for 3 floors!
  5548 | D:10     | Entered Level 10 of the Dungeon
  5616 | D:10     | Found a portal to a secret trove of treasure.
  5630 | D:10     | Found a staircase to the Lair.
  5728 | D:10     | Noticed a hill giant
  5754 | D:10     | Killed a hill giant
  5754 | D:10     | Reached XP level 10. HP: 86/88 MP: 9/9
  5907 | D:9      | Found a stormy altar of Qazlal.
  6106 | D:9      | Found a snail-covered altar of Cheibriados.
  6123 | D:9      | Reached skill level 10 in Long Blades
  6182 | D:9      | Reached *** piety under Okawaru
  6182 | D:9      | Reached skill level 1 in Stealth
  6350 | D:8      | Reached skill level 11 in Shields
  6416 | D:8      | Found a glowing silver altar of Zin.
  6814 | D:8      | Found Doydyc's Armour Shoppe.
  6868 | D:8      | Found an opulent altar of Gozag.
  6969 | D:8      | Found a white marble altar of Elyvilon.
  7505 | D:9      | Reached **** piety under Okawaru
  7797 | D:10     | Noticed a centaur zombie
  7805 | D:10     | Killed a centaur zombie
  7842 | D:10     | Killed an unseen horror
  7874 | D:10     | Reached XP level 11. HP: 71/97 MP: 10/10
  8038 | Lair:1   | Entered Level 1 of the Lair of Beasts
  8159 | Lair:1   | Reached skill level 12 in Shields
  8616 | Lair:1   | Noticed Nergalle
  8650 | Lair:1   | Killed Nergalle
  8650 | Lair:1   | Reached ***** piety under Okawaru
  8650 | Lair:1   | Reached skill level 10 in Armour
  8732 | Lair:1   | Received a gift from Okawaru
  9320 | Lair:2   | Reached skill level 10 in Fighting
  9563 | Lair:2   | Reached skill level 13 in Shields
 10471 | Lair:3   | Noticed a six-headed hydra
 10479 | Lair:3   | Killed a nine-headed hydra
 10479 | Lair:3   | Reached XP level 12. HP: 107/107 MP: 11/11
 10519 | Lair:3   | Received a gift from Okawaru
 10721 | Lair:3   | Found a labyrinth entrance.
 10732 | Lab      | Entered a labyrinth
 10950 | Lab      | Reached skill level 1 in Invocations
 11291 | Lab      | Noticed a minotaur
 11305 | Lab      | Killed a minotaur
 11305 | Lab      | Reached skill level 14 in Shields
 11307 | Lab      | Got a shimmering brass ring
 11308 | Lab      | Got a transparent buckler
 11311 | Lab      | Identified the Catalogue of Confrontation and the Blaze
 11337 | Lab      | Identified the cursed -4 buckler "Rialox" {rPois Str+6 Dex+3} (You took it off a minotaur in a labyrinth)
 11391 | Lab      | Identified the ring "Pumilih" {rN+ Str+4} (You took it off a minotaur in a labyrinth)
 11583 | Lair:3   | Identified Ynwegid's Tome of Unholy Rites and Lightness
 13185 | Lair:4   | Noticed a seven-headed hydra
 13273 | Lair:3   | Received a gift from Okawaru
 13398 | D:10     | Noticed a guardian serpent
 13407 | D:10     | Killed a guardian serpent
 13411 | D:10     | Noticed a hill giant
 13416 | D:10     | Killed a hill giant
 13416 | D:10     | Reached XP level 13. HP: 110/117 MP: 13/13
 14023 | D:11     | Noticed Fannar
 14037 | D:11     | Killed Fannar
 14373 | D:11     | Found Foofot's Specialty Armours.
 14529 | D:11     | Found a staircase to the Orcish Mines.
 14675 | Orc:1    | Entered Level 1 of the Orcish Mines
 14752 | Orc:1    | Found a burning altar of Makhleb.
 14795 | Orc:1    | Found Usiquitt's General Store.
 15057 | Orc:1    | Noticed Erolcha
 15079 | Orc:1    | Killed Erolcha
 15253 | Orc:1    | Found Poebav's Book Emporium.
 15339 | Orc:1    | Found Jioczops's Distillery.
 15541 | Orc:3    | Noticed Nessos
 15566 | Orc:3    | Received a gift from Okawaru
 15928 | Orc:2    | Killed Nessos
 16424 | Orc:3    | Found Emnusan's Assorted Antiques.
 16733 | Orc:4    | Entered Level 4 of the Orcish Mines
 16874 | Orc:4    | Found a staircase to the Elven Halls.
 16932 | Orc:3    | Found a roughly hewn altar of Beogh.
 17066 | Orc:4    | Found Hiopauc's Weapon Emporium.
 17489 | Orc:4    | Found Ipuziof's Assorted Antiques.
 17500 | Orc:4    | Reached skill level 15 in Long Blades
 17519 | Orc:4    | Found Mimih's Assorted Antiques.
 17519 | Orc:4    | Found Vulaehie's Gadget Shop.
 17556 | Orc:4    | HP: 5/122 [deep troll (7)]
 17556 | Orc:4    | HP: 1/122 [something (4)]
 17571 | Orc:4    | Reached XP level 14. HP: 20/129 MP: 10/15
 18211 | Orc:4    | Bought a shimmering long sword for 289 gold pieces
 18211 | Orc:4    | Identified the +9 long sword of the Tales {slice, MR+ Dex+3} (You bought it in a shop on level 4 of the Orcish Mines)
 18212 | Orc:4    | Bought a scroll labeled CYDI CUONUMENE for 34 gold pieces
 18212 | Orc:4    | Bought a viscous sapphire potion for 30 gold pieces
 18212 | Orc:4    | Bought a scroll labeled KABUS DOEZYE for 34 gold pieces
 18601 | Orc:3    | Bought a scroll labeled KABUS DOEZYE for 34 gold pieces
 18601 | Orc:3    | Bought a viscous sapphire potion for 30 gold pieces
 18614 | Orc:2    | Noticed Rupert
 18631 | Orc:3    | Killed Rupert
 18631 | Orc:3    | Reached skill level 15 in Shields
 18891 | Orc:2    | Found Kojevah's Antique Armour Shoppe.
 19306 | Orc:2    | Found Guyr's Weapon Boutique.
 19745 | D:12     | Reached skill level 1 in Evocations
 21523 | D:14     | Found a shadowy altar of Dithmenos.
 21546 | D:14     | Received a gift from Okawaru
 21560 | D:14     | Got a twisted buckler {god gift}
 21571 | D:14     | Identified the +0 buckler "Xotaih" {Str+3 Stlth+} (Okawaru gifted it to you on level 14 of the Dungeon)
 21889 | D:14     | Found Cib Osef's Antique Weapon Shop.
 21990 | D:14     | Found a gate to the Vaults.
 22023 | D:14     | Reached skill level 16 in Long Blades
 23061 | Lair:5   | Noticed MirrMurr's ghost (journeyman SpEn)
 23083 | Lair:5   | Killed MirrMurr's ghost
 23729 | Lair:5   | Reached XP level 15. HP: 124/139 MP: 9/17
 24460 | Lair:6   | Found a staircase to the Snake Pit.
 24569 | Lair:6   | Reached skill level 5 in Dodging
 24662 | Lair:6   | Found a dark tunnel.
 24671 | Volcano  | Entered a volcano
 24951 | Lair:6   | Found a viscous altar of Jiyva.
 24951 | Lair:6   | Found a staircase to the Slime Pits.
 25156 | Lair:6   | HP: 1/139 [death yak (19)]
 25157 | Lair:6   | Reached skill level 17 in Long Blades
 25336 | Lair:6   | Reached skill level 15 in Fighting
 25346 | Lair:6   | Reached ****** piety under Okawaru
 25679 | Lair:6   | Got a crystal mace
 25680 | Lair:6   | Identified the +1 mace of World's End {freeze, MR+ Str-2 Dex+3} (You found it on level 6 of the Lair of Beasts)
 25878 | Lair:6   | Found a staircase to the Swamp.
 26222 | Lair:7   | Reached skill level 15 in Armour
 26228 | Lair:7   | Received a gift from Okawaru
 26231 | Lair:7   | Got a pair of bloodstained gloves {god gift}
 26237 | Lair:7   | Identified the +2 pair of gloves of Trial and Error {rElec Dex+2} (Okawaru gifted it to you on level 7 of the Lair of Beasts)
 26990 | Lair:8   | Entered Level 8 of the Lair of Beasts
 27650 | Lair:8   | Received a gift from Okawaru
 28100 | Lair:8   | Reached skill level 18 in Long Blades
 28203 | Lair:8   | Reached XP level 16. HP: 78/151 MP: 18/18
 29098 | Swamp:1  | Entered Level 1 of the Swamp
 29454 | Swamp:1  | Noticed Aizul
 29480 | Swamp:1  | Killed Aizul
 29971 | Swamp:2  | Reached skill level 5 in Invocations
 30611 | Swamp:3  | Received a gift from Okawaru
 30729 | Swamp:3  | Got an encrusted great sword {god gift}
 30792 | Swamp:3  | Identified the +7 great sword "Nagaemp" {flame, -Tele Int+6 Dex+2 SInv} (Okawaru gifted it to you on level 3 of the Swamp)
 31269 | Swamp:3  | Reached skill level 19 in Long Blades
 31791 | Snake:1  | Entered Level 1 of the Snake Pit
 31840 | Snake:1  | Noticed Frances
 31849 | Snake:1  | Killed Frances
 32119 | Snake:1  | Received a gift from Okawaru
 33338 | Snake:2  | Reached XP level 17. HP: 138/161 MP: 19/19
 33708 | Snake:3  | Noticed Kirke
 33723 | Snake:3  | Killed Kirke
 33930 | Snake:3  | HP: 8/161 [mana viper (7)]
 33933 | Snake:2  | Slain by a mana viper

Action                   |  1- 3 |  4- 6 |  7- 9 | 10-12 | 13-15 | 16-18 || total
-------------------------+-------+-------+-------+-------+-------+-------++-------
Melee: Long sword        |    66 |   138 |   293 |   853 |  1387 |   274 ||  3011
       Scimitar          |       |       |       |    10 |   150 |       ||   160
       Demon blade       |       |       |       |       |       |   247 ||   247
       Great sword       |       |       |       |       |       |    61 ||    61
Invok: Heroism           |       |       |       |     7 |    20 |     1 ||    28
       Finesse           |       |       |       |       |     5 |     1 ||     6
 Abil: Evoke Flight      |       |       |       |       |       |     1 ||     1
Evoke: Wand              |       |       |       |     3 |     7 |     2 ||    12
  Use: Potion            |       |     1 |       |     2 |     5 |     1 ||     9
       Scroll            |       |       |    11 |    15 |    14 |       ||    40
  Eat: Chunk             |     1 |     4 |    11 |    22 |    46 |    14 ||    98
       Beef jerky        |       |       |     1 |     1 |     1 |     2 ||     5
       Pizza             |       |       |       |     2 |     2 |     5 ||     9
       Fruit             |       |       |       |       |     1 |       ||     1
